 Dungeon Sprint DCSS version 0.18-a0-1347-gb9e2fb4 (webtiles) character file.

2286 Kidiri the Covert (level 9, -1/46 HPs)
             Began as a Spriggan Enchanter on Feb 17, 2016.
             Was a Follower of Dithmenos.
             Slain by a tentacle (5 damage)
             ... attached to a kraken
             ... in the Dungeon (Sprint II: "The Violet Keep of Menkaure").
             The game lasted 00:10:39 (1792 turns).

Kidiri the Covert (Spriggan Enchanter)              Turns: 1792, Time: 00:10:39

Health: -1/46      AC:  4    Str:  4    XL:     9   Next: 17%
Magic:  18/24      EV: 28    Int: 18    God:    Dithmenos [*.....]
Gold:   489        SH:  0    Dex: 18    Spells: 7 memorised, 5 levels left

rFire  . . .     SeeInvis +     o - +3 dagger (speed)
rCold  . . .     Gourm    .     b - +1 robe
rNeg   . . .     Faith    .     (shield restricted)
rPois  .         Spirit   .     (helmet restricted)
rElec  .         Dismiss  .     x - +0 cloak
rCorr  .         Reflect  .     (gloves unavailable)
SustAt .         Harm     +     (boots unavailable)
MR     +....     NoTele   +     p - amulet of harm
Stlth  +++++++...               (no ring)
                                (no ring)

@: wreathed by umbra, very quick, somewhat resistant to hostile enchantments,
extremely stealthy
A: unfitting armour, see invisible, herbivore 3, speed 3, slow metabolism 2
a: Renounce Religion


You were in the Dungeon.
You worshipped Dithmenos.
Dithmenos was aware of your devotion.
You were not hungry.

You visited 1 branch You collected 1204 gold pieces.
You spent 715 gold pieces at shops.

Inventory:

Hand Weapons
 o - a +3 dagger of speed (weapon)
Armour
 b - a +1 robe (worn)
 x - a +0 cloak (worn)
Jewellery
 p - an amulet of harm (around neck)
Scrolls
 j - a scroll of blinking
 l - a scroll of fear
 q - a scroll of remove curse
Potions
 e - 3 potions of curing
 g - a potion of haste
 h - 5 potions of magic
 i - 3 potions of ambrosia {unknown}
 n - a potion of invisibility {unknown}
 r - 4 potions of flight {unknown}
 t - 2 potions of cancellation {unknown}
 u - a potion of agility {unknown}
 w - a potion of degeneration {unknown}
 z - 3 potions of resistance {unknown}
Books
 c - a book of Maledictions

   Spells                             Type                      Level
   a - Corona                         Hexes                        1
   b - Ensorcelled Hibernation        Hexes/Ice                    2
   c - Confuse                        Hexes                        3
   d - Tukima's Dance                 Hexes                        3
   e - Dazzling Spray                 Conjuration/Hexes            3
 f - a book of Ice

   Spells                             Type                      Level
   a - Ice Form                       Ice/Transmutation            4
   b - Metabolic Englaciation         Hexes/Ice                    5
   c - Ozocubu's Refrigeration        Ice                          6
   d - Bolt of Cold                   Conjuration/Ice              6
   e - Freezing Cloud                 Conjuration/Ice/Air          6
   f - Simulacrum                     Ice/Necromancy               6
Comestibles
 d - 2 bread rations
 s - a royal jelly


   Skills:
 + Level 4.8 Fighting
 * Level 9.3 Short Blades
 + Level 4.1 Armour
 * Level 12.0 Dodging
 * Level 13.2 Stealth
 * Level 10.2 Spellcasting
 + Level 3.5 Conjurations
 + Level 8.0 Hexes
 + Level 4.0 Ice Magic
 + Level 2.0 Air Magic
 + Level 2.0 Invocations


You had 5 spell levels left.
You knew the following spells:

 Your Spells              Type           Power        Failure   Level  Hunger
a - Corona                Hex            #####..      1%          1    None
b - Ensorcelled Hibernat  Hex/Ice        ####..       1%          2    None
c - Confuse               Hex            #####...     1%          3    None
d - Tukima's Dance        Hex            #####...     1%          3    None
e - Dazzling Spray        Conj/Hex       ####....     2%          3    None
f - Metabolic Englaciati  Hex/Ice        ####......   21%         5    #####..
g - Freezing Cloud        Conj/Ice/Air   ###.......   100%        6    ######.


Dungeon Overview and Level Annotations

Branches:
Dungeon (1/1)

Altars:
Cheibriados
Dithmenos
Elyvilon
Fedhas
Gozag
Kikubaaqudgha
Makhleb
Nemelex Xobeh
Okawaru
Pakellas
Qazlal
Ru
Sif Muna
Trog
Vehumet
Xom
Yredelemnul
Zin
The Shining One
Beogh
Jiyva
Lugonu

Shops:
D =:(}=[(%!!:[}[?!

Annotations:
D exclusion: oklob plant


Innate Abilities, Weirdness & Mutations

You are tiny and cannot use many weapons and most armour.
You have supernaturally acute eyesight.
You are an herbivore.
You cover ground extremely quickly.
You need consume almost no food.


Message History

The spray of energy hits the tentacle.
The tentacle is lightly wounded.
The tentacle is dazzled.
The tentacle slaps you.
You hit the tentacle.
The tentacle is lightly wounded.
You catch the helpless tentacle completely off-guard!
You stick the tentacle like a pincushion!!!
You kill the tentacle!
Unknown command.
As you close the door, it creaks loudly!
You start resting.
Unknown command.
You open the door. The tentacle slaps you!!
* * * LOW HITPOINT WARNING * * *
The tentacle completely misses you.
Unknown command.
Drink which item? (? for menu, Esc to quit)
Okay, then.
The tentacle slaps you.
You die...

#.§.▓≈§§≈§≈§≈▓▓
#\)▓▓▓▓▓▓▓▓▓▓▓
#§)▓..)....)▓▓ #.
#)§▓.%.[.(..▓▓
+.####|[▓.(...[..▓▓
...####▓..[.(...▓▓
#..##.#▓...(...)▓▓
+..#..#▓((((.)(.▓▓
#..#).#▓.[.(.)@(▓▓
###..##%#▓..)..w..▓▓
.###...##▓▓▓▓▓▓▓\▓▓▓▓+▓
...≈≈≈≈≈≈≈≈≈≈≈≈≈.─*X≈≈▓
...≈#+########+###.w≈≈▓
≈..≈#....._._#≈≈§##≈≈≈▓
§≈.≈#...._._.#§§§§####▓
§§§≈#.%._._._#§≈§§§
§§≈≈#.._._._.#≈§t§§


You could see a kraken and 2 tentacles.

Vanquished Creatures
  A siren (D)
  3 polar bears (D)
  A blink frog (D)
  Menkaure (D)
  4 neqoxecs (D)
  A wasp (D)
  4 necrophages (D)
  3 worms (D)
  3 tentacles (D)
21 creatures vanquished.

Vanquished Creatures (others)
  A yaktaur (D)
  A crocodile (D)
  16 tentacles (D)
  610 tentacle segments (D)
628 creatures vanquished.

Grand Total: 649 creatures vanquished

Notes
Turn   | Place    | Note
--------------------------------------------------------------
     0 | D        | Kidiri the Spriggan Enchanter began the quest for the Orb.
     0 | D        | Reached XP level 1. HP: 9/9 MP: 5/5
     1 | D        | Noticed a neqoxec
    10 | D        | Killed a neqoxec
    10 | D        | Reached skill level 1 in Armour
    10 | D        | Reached skill level 6 in Dodging
    10 | D        | Reached skill level 7 in Stealth
    10 | D        | Reached skill level 5 in Spellcasting
    10 | D        | Reached skill level 5 in Hexes
    10 | D        | Reached XP level 2. HP: 13/15 MP: 6/9
    10 | D        | Reached XP level 3. HP: 15/18 MP: 6/10
    10 | D        | Reached XP level 4. HP: 18/23 MP: 7/12
    18 | D        | Learned a level 2 spell: Ensorcelled Hibernation
    22 | D        | Learned a level 3 spell: Confuse
    26 | D        | Learned a level 3 spell: Tukima's Dance
    30 | D        | Learned a level 3 spell: Dazzling Spray
   153 | D        | Noticed a neqoxec
   154 | D        | Killed a neqoxec
   154 | D        | Reached skill level 5 in Short Blades
   154 | D        | Reached skill level 8 in Stealth
   154 | D        | Reached skill level 1 in Conjurations
   154 | D        | Reached skill level 1 in Ice Magic
   154 | D        | Reached XP level 5. HP: 27/27 MP: 12/14
   168 | D        | Noticed a neqoxec
   168 | D        | Noticed a neqoxec
   181 | D        | Killed a neqoxec
   181 | D        | Reached skill level 9 in Stealth
   181 | D        | Reached XP level 6. HP: 30/32 MP: 10/17
   183 | D        | Killed a neqoxec
   183 | D        | Reached skill level 10 in Stealth
   273 | D        | Noticed an obsidian statue
   306 | D        | Reached XP level 7. HP: 36/36 MP: 8/19
   348 | D        | Reached skill level 11 in Stealth
   373 | D        | Reached skill level 10 in Dodging
   515 | D        | Noticed a siren
   518 | D        | Killed a siren
   518 | D        | Reached XP level 8. HP: 42/42 MP: 22/22
   559 | D        | Noticed an orange crystal statue
   561 | D        | Noticed Menkaure
   577 | D        | Killed Menkaure
   577 | D        | Reached skill level 12 in Stealth
   661 | D        | Found Hugick's Distillery.
   662 | D        | Found Sogedwis's Antique Armour Shop.
   662 | D        | Found Okiagah's Gadget Boutique.
   662 | D        | Found Ethi's Magic Scroll Boutique.
   663 | D        | Noticed a blink frog
   665 | D        | Killed a blink frog
   669 | D        | Found Uvustriar's Distillery.
   669 | D        | Found Ablural's Distillery.
   671 | D        | Found Rueteul's Book Shop.
   671 | D        | Found Jotwyet's Antique Armour Shop.
   672 | D        | Found Ryehong's Weapon Boutique.
   672 | D        | Found Jiuzous's Armour Boutique.
   672 | D        | Found Vompogre's Food Boutique.
   672 | D        | Noticed a slime creature
   674 | D        | Found Kiku's Jewellery Shop.
   675 | D        | Found Dovewkon's Gadget Boutique.
   675 | D        | Found Tufyaze's Antique Weapon Shop.
   675 | D        | Noticed a slime creature
   675 | D        | Noticed a slime creature
   675 | D        | Noticed an oklob plant
   676 | D        | Found Wuiz's Book Shoppe.
   676 | D        | Found Eremubua's Jewellery Boutique.
   678 | D        | Noticed a great orb of eyes
   680 | D        | Noticed an iron elemental
   717 | D        | Bought a book of Ice for 715 gold pieces
   723 | D        | Learned a level 5 spell: Metabolic Englaciation
   730 | D        | Learned a level 6 spell: Freezing Cloud
   762 | D        | Found a blossoming altar of Fedhas.
   763 | D        | Found a white marble altar of Elyvilon.
   764 | D        | Found a corrupted altar of Lugonu.
   764 | D        | Found an ancient bone altar of Kikubaaqudgha.
   764 | D        | Found an oddly glowing altar of Pakellas.
   817 | D        | Found a burning altar of Makhleb.
   817 | D        | Found a basalt altar of Yredelemnul.
   817 | D        | Found a snail-covered altar of Cheibriados.
   818 | D        | Found a sacrificial altar of Ru.
   818 | D        | Found a sparkling altar of Nemelex Xobeh.
   818 | D        | Found a shimmering altar of Xom.
   819 | D        | Found an opulent altar of Gozag.
   819 | D        | Found a shadowy altar of Dithmenos.
   820 | D        | Found a stormy altar of Qazlal.
   821 | D        | Found a radiant altar of Vehumet.
   821 | D        | Found an iron altar of Okawaru.
   821 | D        | Found a roughly hewn altar of Beogh.
   821 | D        | Found a deep blue altar of Sif Muna.
   821 | D        | Found a glowing golden altar of the Shining One.
   821 | D        | Found a viscous altar of Jiyva.
   821 | D        | Noticed a polar bear
   822 | D        | Found a glowing silver altar of Zin.
   822 | D        | Found a bloodstained altar of Trog.
   822 | D        | Noticed a yaktaur
   829 | D        | Became a worshipper of Dithmenos the Shadowed
   837 | D        | Killed a polar bear
   837 | D        | Reached skill level 1 in Air Magic
   850 | D        | Noticed a polar bear
   850 | D        | Noticed a polar bear
   866 | D        | Killed a polar bear
   866 | D        | Reached skill level 1 in Invocations
   874 | D        | Reached * piety under Dithmenos
   874 | D        | Reached skill level 10 in Spellcasting
   877 | D        | Killed a polar bear
   877 | D        | Reached skill level 13 in Stealth
   877 | D        | Reached XP level 9. HP: 44/46 MP: 3/24
   882 | D        | Killed a yaktaur
  1007 | D        | Noticed a kraken
  1792 | D        | Slain by a tentacle

Vault maps used:
D:        the_violet_keep_of_menkaure

Action                   |  1- 3 |  4- 6 |  7- 9 || total
-------------------------+-------+-------+-------++-------
Melee: Dagger            |     7 |    18 |    92 ||   117
 Cast: Confuse           |       |     4 |    12 ||    16
       Ensorcelled Hiber |       |     3 |     5 ||     8
       Dazzling Spray    |       |     1 |    12 ||    13
       Corona            |       |       |     5 ||     5
  Use: Potion            |     1 |       |     1 ||     2
       Scroll            |       |       |     6 ||     6
 Stab: Sleeping          |       |     5 |     2 ||     7
       Confused          |       |     2 |     8 ||    10
       Invisible         |       |       |     3 ||     3
